 Dungeon Crawl Stone Soup version 0.19-a0-1111-gcceb26a (webtiles) character file.

580 hairmachine the Basher (level 7, 0/70 HPs)
             Began as an Ogre Hunter on Aug 10, 2016.
             Slain by Pikel
             ... wielding a +2 whip of freezing
              (1 damage)
             ... on level 5 of the Dungeon.
             The game lasted 00:10:59 (4302 turns).

hairmachine the Basher (Ogre Hunter)                Turns: 4302, Time: 00:10:59

Health: 0/70       AC:  4    Str: 18    XL:     7   Next: 36%
Magic:  7/7        EV: 10    Int: 10    God:
Gold:   282        SH:  0    Dex: 12    Spells: 0 memorised, 6 levels left

rFire  . . .     SeeInvis .     q - 3 potions of flight {unknown}
rCold  . . .     Gourm    .     b - +0 robe
rNeg   . . .     Faith    .     (no shield)
rPois  .         Spirit   .     (helmet restricted)
rElec  .         Dismiss  .     l - +0 cloak
rCorr  .         Reflect  .     (gloves unavailable)
SustAt .         Harm     .     (boots unavailable)
MR     .....                    (no amulet)
Stlth  +.........               (no ring)
                                (no ring)

@:
A: unfitting armour, tough skin 1
a: no special abilities


You were on level 5 of the Dungeon.
You were not hungry.

You visited 1 branch of the dungeon, and saw 5 of its levels.

You collected 282 gold pieces.

Inventory:

Hand Weapons
 v - a +0 morningstar
 x - a +1 flail of protection
 y - a +0 giant spiked club
Missiles
 j - 3 poisoned tomahawks (quivered)
Armour
 b - a +0 robe (worn)
 l - a +0 cloak (worn)
Jewellery
 t - an uncursed ring of see invisible {unknown}
Wands
 s - a wand of flame (18/48)
Scrolls
 e - a scroll of magic mapping {unknown}
 g - 2 scrolls of identify {unknown}
 k - 3 scrolls of enchant armour {unknown}
 m - a scroll of teleportation {unknown}
 n - a scroll of remove curse {unknown}
 p - a scroll of noise {unknown}
 r - a scroll of amnesia {unknown}
 u - a scroll of fog {unknown}
Potions
 a - a potion of might {unknown}
 h - a potion of degeneration {unknown}
 i - a potion of ambrosia {unknown}
 o - a potion of berserk rage {unknown}
 q - 3 potions of flight (in hand) {unknown}
 w - a potion of heal wounds {unknown}
 z - a potion of lignification {unknown}
Comestibles
 f - 3 bread rations
 B - 2 meat rations
 C - a beef jerky
 D - 3 chunks of flesh


   Skills:
 - Level 4.0 Fighting
 + Level 9.0 Maces & Flails
 - Level 4.2 Throwing
 - Level 2.2 Dodging
 - Level 0.7 Stealth


You had 6 spell levels left.
You didn't know any spells.

Dungeon Overview and Level Annotations

Branches:
Dungeon (5/15)
 Temple: D:4-7

Altars:
Okawaru

Shops:
D:4 }

Annotations:
D:3 hairmachine's ghost, amateur MiGl
D:5 Pikel


Innate Abilities, Weirdness & Mutations

You are too large for most types of armour.
You have tough skin. (AC +1)


Message History

You feel better. Pikel hits you with a whip of freezing!
* * * LOW HITPOINT WARNING * * *
Pikel freezes you.
* * * LOW HITPOINT WARNING * * *
The slave closely misses you. The slave hits you.
* * * LOW HITPOINT WARNING * * *
Pikel hits you with a whip of freezing.
* * * LOW HITPOINT WARNING * * *
Pikel freezes you.
* * * LOW HITPOINT WARNING * * *
The slave closely misses you. The slave hits you but does no damage.
Pikel hits you but does no damage.
Wield which item (- for none, * to show all)? (? for menu, Esc to quit)
You feel less protected.
q - 3 orange potions (in hand) Pikel hits you with a whip of freezing!
* * * LOW HITPOINT WARNING * * *
Pikel freezes you.
You die...

#......##...##....#...#..'.
#......##...##....#...#..##
#...........##...##..##'###
#...........##(..##..##..##
#......##...##............#
#..>...##...##...........##
#........p...............##
#........p.................
#.......pK@.............[..
#....(.##...##..###########
#......##...##..# ##.##
#....(.......#...# #....
#....(.......#...# #....
#......##...##...# #....
#(....(#######...# #....
#....... ####. #....... #.


You could see Pikel and 3 slaves.

Vanquished Creatures
  Menkaure (D:5)
  A slave (D:5)
  An ogre (D:4)
  A scorpion (D:5)
  A howler monkey (D:4)
  A centaur zombie (D:5)
  A hound (D:4)
  Ijyb (D:3)
  2 worker ants (D:5)
  6 adders
  An adder zombie (D:5)
  3 dart slugs
  6 giant geckos
  16 orcs
  5 bats
  6 giant cockroaches
  5 hobgoblins
  3 jackals (D:2)
  4 kobolds
  2 quokkas
  A ball python (D:1)
  A ball python skeleton (D:4)
  3 giant newts
  4 goblins
  A jackal zombie (D:4)
  A quokka skeleton (D:5)
  6 rats
84 creatures vanquished.

Notes
Turn   | Place    | Note
-------+----------+-------------------------------------------
     0 | D:1      | hairmachine the Ogre Hunter began the quest for the Orb.
     0 | D:1      | Reached XP level 1. HP: 22/22 MP: 1/1
   151 | D:1      | Reached XP level 2. HP: 12/31 MP: 2/2
   811 | D:2      | Reached skill level 1 in Maces & Flails
   969 | D:2      | Reached XP level 3. HP: 15/37 MP: 3/3
   986 | D:2      | Reached skill level 2 in Maces & Flails
  1257 | D:2      | Reached skill level 3 in Maces & Flails
  1614 | D:2      | Reached XP level 4. HP: 23/45 MP: 4/4
  2269 | D:3      | Reached skill level 4 in Maces & Flails
  2364 | D:3      | Noticed hairmachine's ghost (amateur MiGl)
  2437 | D:3      | Noticed Ijyb
  2454 | D:3      | Killed Ijyb
  2629 | D:3      | Found an iron altar of Okawaru.
  2679 | D:4      | Reached skill level 5 in Maces & Flails
  2679 | D:4      | Reached XP level 5. HP: 41/53 MP: 5/5
  2781 | D:4      | Reached skill level 6 in Maces & Flails
  2950 | D:4      | Found Liutistri's Gadget Shoppe.
  3502 | D:4      | Reached XP level 6. HP: 61/61 MP: 6/6
  3566 | D:4      | Reached skill level 7 in Maces & Flails
  3796 | D:5      | Entered Level 5 of the Dungeon
  4034 | D:5      | Reached skill level 8 in Maces & Flails
  4136 | D:5      | Reached XP level 7. HP: 70/70 MP: 7/7
  4277 | D:5      | Noticed Menkaure
  4277 | D:5      | Killed Menkaure
  4277 | D:5      | Reached skill level 9 in Maces & Flails
  4283 | D:5      | Noticed Pikel
  4302 | D:5      | HP: 1/70 [Pikel/whip of freezing (9)]
  4302 | D:5      | Slain by Pikel

Vault maps used:
D:1:      ncdulo_watergridlock
D:2:      first_bread
D:3:      kennysheep_okawaru_gauntlet, uniq_iyjb
D:4:      serial_shops, nicolae_shop_crystal, minivault_23
D:5:      uniq_pikel, uniq_menkaure

Skill      XL: |  1  2  3  4  5  6  7 |
---------------+----------------------+-----
Fighting       | 3 4 |  4.0
Maces & Flails | 1 3 5 6 8 9 |  9.0
Dodging        | 2 |  2.2
Throwing       | |  4.2
Stealth        | |  0.7

Action                   |  1- 3 |  4- 6 |  7- 9 || total
-------------------------+-------+-------+-------++-------
Melee: Short sword       |    40 |       |       ||    40
       Mace              |    70 |    48 |       ||   118
       Morningstar       |       |    90 |       ||    90
       Flail             |       |    49 |     8 ||    57
Throw: Large rock        |     6 |    18 |     6 ||    30
       Throwing net      |       |       |     2 ||     2
  Use: Potion            |       |     1 |     1 ||     2
 Stab: Distracted        |       |     1 |       ||     1
  Eat: Chunk             |     2 |     9 |       ||    11
Armor: Robe              |    30 |    61 |     6 ||    97
Dodge: Dodged            |    72 |   124 |     9 ||   205
